 Dungeon Crawl Stone Soup version 0.19.4-9-g45fd643 (webtiles) character file.

142 Greenblue the Insei (level 5, 0/41 HPs)
             Began as a Demonspawn Monk on Feb 15, 2017.
             Slain by a phantom (4 damage)
             ... on level 5 of the Dungeon.
             The game lasted 00:07:03 (3704 turns).

Greenblue the Insei (Demonspawn Monk)               Turns: 3704, Time: 00:07:03

Health: 0/41       AC:  4    Str: 12    XL:     5   Next: 3%
Magic:  5/5        EV: 13    Int: 11    God:
Gold:   213        SH:  0    Dex: 16    Spells: 0 memorised, 4 levels left

rFire  . . .     SeeInvis .     h - +3 whip
rCold  . . .     Gourm    .     a - +0 robe
rNeg   . . .     Faith    .     (no shield)
rPois  .         Spirit   .     (helmet restricted)
rElec  .         Reflect  .     (no cloak)
rCorr  +         Harm     .     A - +0 pair of gloves
MR     .....                    d - +0 pair of boots
Stlth  +++.......               (no amulet)
                                (no ring)
                                z - ring of resist corrosion

@: no status effects
A: antennae 1, nightstalker 1
a: no special abilities


You were on level 5 of the Dungeon.
You were hungry.

You visited 1 branch of the dungeon, and saw 5 of its levels.

You collected 213 gold pieces.

Inventory:

Hand Weapons
 h - a +3 whip (weapon)
 u - a +0 blowgun
Armour
 a - a +0 robe (worn)
 d - a +0 pair of boots (worn)
 s - a +1 ring mail of fire resistance
 A - a +0 pair of gloves (worn)
Jewellery
 z - a ring of resist corrosion (left hand)
Wands
 x - a wand of polymorph (10/24)
 y - a wand of flame (19/48)
 B - a wand of flame (20/48)
Scrolls
 c - 5 scrolls of remove curse {unknown}
 e - 10 scrolls of identify
 f - a scroll of teleportation {unknown}
 g - a scroll of noise {unknown}
 m - a scroll of enchant armour {unknown}
 n - a scroll of fear {unknown}
 o - a scroll of immolation {unknown}
 r - a scroll of random uselessness {unknown}
Potions
 i - 2 potions of cure mutation {unknown}
 j - a potion of haste
 l - a potion of degeneration {unknown}
 q - a potion of cancellation {unknown}
 t - a potion of flight {unknown}
 w - 2 potions of curing {unknown}
Comestibles
 b - 4 bread rations
 k - a meat ration
 p - a slice of pizza
 v - a beef jerky


   Skills:
 - Level 3.0 Fighting
 - Level 2.6 Dodging
 - Level 1.7 Stealth
 + Level 5.2 Unarmed Combat


You had 4 spell levels left.
You didn't know any spells.

Dungeon Overview and Level Annotations

Branches:
Dungeon (5/15)
 Temple: D:4-7

Altars:

Annotations:
D:4 humperndinck's ghost, amateur NaWr


Innate Abilities, Weirdness & Mutations

You have a pair of small antennae on your head.
You are slightly more attuned to the shadows.


Message History

You are too injured to fight recklessly!
You are too injured to fight recklessly!
You are too injured to fight recklessly!
You closely miss the phantom.
The phantom is heavily damaged.
The phantom hits you!
* * * LOW HITPOINT WARNING * * *
You hit the phantom.
The phantom is heavily damaged.
The phantom hits you but does no damage.
You hit the phantom.
The phantom is heavily damaged.
The phantom blinks!
You hit the phantom but do no damage.
The phantom is heavily damaged.
The phantom blinks!
Number of times to repeat, then command key: You must enter the number of times for the command to repeat.
The phantom hits you.
You die...

......# ####### ######
####....###########
..................##
####....#########..####
...............†@.......
#############...W..#####
#.§.....# #.......#
#.......# #........#
#......#.# ########.# #


You could see a phantom.

Vanquished Creatures
  A hound zombie (D:5)
  4 adders
  An ooze (D:2)
  A worm (D:3)
  2 dart slugs
  2 leopard geckos
  A ball python (D:1)
  7 bats
  5 giant cockroaches
  10 goblins
  5 hobgoblins
  5 jackals
  2 quokkas (D:3)
  5 frilled lizards
  16 kobolds
  9 rats
76 creatures vanquished.

Notes
Turn   | Place    | Note
-------+----------+-------------------------------------------
     0 | D:1      | Greenblue the Demonspawn Monk began the quest for the Orb.
     0 | D:1      | Reached XP level 1. HP: 18/18 MP: 1/1
   141 | D:1      | Reached skill level 3 in Unarmed Combat
   227 | D:1      | Gained mutation: You have a pair of small antennae on your head. [demonic ancestry]
   227 | D:1      | Reached XP level 2. HP: 24/24 MP: 2/2
  1047 | D:2      | Reached XP level 3. HP: 29/29 MP: 3/3
  1058 | D:2      | Found a faded altar of an unknown god.
  1178 | D:2      | Reached skill level 4 in Unarmed Combat
  1498 | D:2      | Reached XP level 4. HP: 28/35 MP: 4/4
  3098 | D:3      | Reached skill level 5 in Unarmed Combat
  3472 | D:4      | Noticed humperndinck's ghost (amateur NaWr)
  3572 | D:5      | Entered Level 5 of the Dungeon
  3672 | D:5      | Gained mutation: You are slightly more attuned to the shadows. [demonic ancestry]
  3672 | D:5      | Reached XP level 5. HP: 39/41 MP: 5/5
  3676 | D:5      | Noticed a phantom
  3704 | D:5      | Slain by a phantom

Skill      XL: |  1  2  3  4 |
---------------+-------------+-----
Unarmed Combat | 3 4 5 |  5.2
Fighting       | |  3.0
Dodging        | |  2.6
Stealth        | |  1.7

Action                   |  1- 3 |  4- 6 || total
-------------------------+-------+-------++-------
Melee: Unarmed           |    27 |       ||    27
       Whip              |    70 |   129 ||   199
       Punch             |     1 |     5 ||     6
Evoke: Wand              |       |     1 ||     1
  Use: Potion            |     1 |       ||     1
       Scroll            |       |     1 ||     1
 Stab: Sleeping          |     4 |     4 ||     8
  Eat: Chunk             |     2 |     6 ||     8
Armor: Robe              |     9 |    30 ||    39
Dodge: Dodged            |    68 |    73 ||   141
